Map: Babylon LE

Players

IA (très facile) - Winner!

  • Race: Protoss Protoss
  • Spawn Location: 5:00

BuffTossAsap

  • Race: Terran Terran
  • League: Diamond
  • Spawn Location: 11:00

VOD

Have the link to the VOD?

Description

Time

  • Played on: Sept. 1, 2023, 1:58 p.m.
  • Length: 10:05
Show
View Real Time Build Order
Export as new Build Order

IA (très facile) Protoss - Winner!

Build Orders: 1 Gate Expand, Nexus First 

Get SALT Encoding   

  12  0:00  Probe  
  13  0:13  Probe  
  14  0:20  Pylon  
  14  0:43  Gateway  
  14  1:00  Nexus  
  14  1:19  Pylon  
  14  1:22  Zealot  
  14  1:24  Assimilator  
  16  1:34  Probe  
  16  1:37  Cybernetics Core  
  17  1:42  Probe  
  18  1:52  Probe  
  19  2:02  Probe  
  19  2:04  Assimilator  
  20  2:11  Probe  
  20  2:15  Stalker  
  23  2:18  Probe  
  24  2:24  Probe  
  24  2:27  Warp Gate  
  25  2:35  Probe  
  26  2:44  Probe  
  27  2:46  Assimilator  
  27  2:48  Pylon  
  25  2:55  Probe  
  26  3:01  Probe  
  27  3:08  Probe  
  28  3:13  Probe  
  28  3:18  Robotics Facility  
  28  3:26  Probe  
  28  3:29  Zealot  
  30  3:37  Probe  
  31  3:44  Probe  
  32  3:52  Probe  
  33  3:59  Probe  
  34  4:04  Observer  
  34  4:06  Probe  
  34  4:09  Probe  
  37  4:18  Observer  
  37  4:20  Probe  
  38  4:24  Probe  
  38  4:27  Assimilator  
  40  4:34  Probe  
  41  4:42  Probe  
  41  4:43  Zealot  
  44  4:49  Probe  
  44  4:52  Pylon  
  45  4:56  Probe  
  46  5:03  Probe  
  47  5:09  Probe  
  48  5:42  Observer  
  48  5:58  Sentry  
Show
View Real Time Build Order
Export as new Build Order

BuffTossAsap Terran 

Build Orders: Reaper Expand 

Get SALT Encoding   

  12  0:00  SCV  
  13  0:12  SCV  
  14  0:17  Supply Depot  
  14  0:24  SCV  
  15  0:38  SCV  
  15  0:39  Barracks  
  16  0:43  Refinery  
  16  0:50  SCV  
  17  1:02  SCV  
  18  1:15  SCV  
  19  1:27  Reaper, Orbital Command  
  20  1:41  Command Center  
  20  1:49  Supply Depot  
  20  1:53  SCV  
  21  1:59  Marine  
  22  2:05  SCV  
  23  2:10  Factory  
  23  2:17  SCV  
  23  2:20  Bunker  
  23  2:22  Barracks Reactor  
  24  2:26  Refinery  
  24  2:29  SCV  
  25  2:41  SCV  
  26  2:54  Orbital Command  
  26  2:55  SCV  
  27  2:58  Marine x2  
  27  2:59  Hellion  
  27  3:03  Starport  
  31  3:07  SCV  
  32  3:16  Marine x2  
  33  3:20  SCV  
  33  3:22  Factory Tech Lab  
  33  3:23  SCV  
  35  3:30  Supply Depot  
  35  3:32  SCV  
  36  3:35  Marine x2  
  36  3:37  SCV  
  39  3:44  SCV  
  39  3:46  Factory Tech Lab, Raven  
  42  3:53  Marine x2, Barracks  
  42  3:54  Supply Depot, SCV  
  45  3:57  SCV  
  46  4:06  SCV, Siege Tank  
  46  4:09  SCV  
  51  4:11  Marine x2  
  51  4:12  Refinery  
  53  4:18  SCV  
  53  4:21  SCV  
  55  4:24  Barracks  
  55  4:25  Supply Depot  
  55  4:30  SCV  
  55  4:31  Marine x2  
  58  4:33  SCV  
  59  4:39  Supply Depot  
  59  4:41  Siege Tank  
  59  4:45  Engineering Bay  
  62  4:46  SCV x2  
  62  4:50  Marine, Marauder  
  62  4:52  Marine  
  68  4:55  Supply Depot  
  68  4:58  SCV  
  69  5:00  Stimpack  
  69  5:01  SCV  
  69  5:04  Supply Depot  
  70  5:09  Starport Reactor, Marine  
  70  5:11  Terran Infantry Weapons Level 1  
  71  5:15  Marine, Marauder  
  71  5:18  SCV  
  71  5:20  Refinery  
  71  5:21  SCV  
  76  5:23  Marauder  
  76  5:26  Combat Shield  
  78  5:28  Marine  
  78  5:32  Factory Reactor  
  78  5:33  Marine  
  80  5:37  Supply Depot  
  80  5:38  Marauder  
  82  5:45  SCV, Marauder  
  82  5:47  SCV, Marine  
  87  5:52  Medivac  
  87  5:53  Medivac  
  91  5:59  Marauder  
  91  6:00  Marine  
  91  6:02  Supply Depot  
  94  6:06  Marine  
  94  6:07  Marauder  
  97  6:14  Widow Mine  
  97  6:16  Widow Mine  
  97  6:18  Marine  
  102  6:20  Command Center  
  102  6:24  Marauder  
  104  6:25  Supply Depot  
  104  6:26  Supply Depot  
  104  6:32  Marine  
  107  6:33  Marauder  
  107  6:37  Marine  
  107  6:38  Widow Mine x2  
  112  6:42  Medivac x2  
  116  6:48  Supply Depot  
  116  6:51  Concussive Shells  
  116  6:53  Marauder  
  118  6:54  Marine  
  118  7:00  Marauder  
  121  7:01  Marine  
  121  7:05  Terran Infantry Armor Level 1  
  120  7:11  SCV x2  
  120  7:12  Barracks x2  
  120  7:13  Marine  
  123  7:23  Marauder, SCV x2, Marine  
  123  7:24  Marauder  
  130  7:30  Medivac x2  
  130  7:31  Marine  
  135  7:41  SCV x2  
  135  7:43  Supply Depot  
  137  7:45  Marauder  
  137  7:46  Marauder  
  137  7:48  Supply Depot  
  137  7:51  Marine  
  141  7:53  SCV x2  
  141  7:57  Orbital Command  
  144  8:00  Barracks Reactor  
  144  8:03  Marine  
  144  8:05  SCV x2  
  147  8:06  Barracks Tech Lab  
  147  8:08  Armory  
  147  8:12  Engineering Bay  
  147  8:15  Marauder  
  147  8:17  SCV x2, Marauder  
  147  8:19  Marine  
  154  8:27  SCV  
  154  8:28  Supply Depot  
  154  8:29  Supply Depot, SCV x2, Marauder  
  154  8:33  Medivac x2  
  163  8:37  Marauder  
  163  8:39  Marauder  
  167  8:44  Marine x2  
  167  8:45  Marine x2  
  171  8:50  Marauder  
  171  8:52  Supply Depot, Refinery  
  171  8:53  Supply Depot  
  171  8:54  Refinery  
  169  8:55  Ghost Academy  
  169  9:05  Marauder x2  
  169  9:06  Marine  
  174  9:10  Command Center  
  174  9:13  Supply Depot  
  174  9:14  Marine, Marauder  
  174  9:15  Marine x2  
  183  9:35  Marine x3  
  183  9:36  Marine  
  189  9:46  Barracks  
  189  9:47  Barracks  
  189  9:49  Barracks  
  189  9:55  Unknown x2  
  189  9:56  Missile Turret  
  189  9:58  Missile Turret  
  189  9:59  Missile Turret  
  189  10:03  Unknown  
  189  10:05  Missile Turret  
Tags
 
Add a new tag
Caveats
  • Supply blocks, unpowered buildings, or Contaminate may cause inaccurate times.
  • Supply counts are checked every 10 seconds.